 Dungeon Crawl Stone Soup version 0.28-a0-983-g1de4e0787c (webtiles) character file.

Game seed: 15917808619617429949

10423 Htamos the Grappler (level 11, -9/108 (110) HPs)
             Began as a Troll Necromancer on Dec 3, 2021.
             Was a Priest of Makhleb.
             Mangled by a soul eater (10 damage)
             ... on level 2 of the Abyss.
             The game lasted 00:30:00 (10910 turns).

Htamos the Grappler (Troll Necromancer)            Turns: 10910, Time: 00:30:01

HP:   -9/108 (110)  AC:  9    Str: 17 (18) XL:     11   Next: 36%
MP:   16/16         EV: 12    Int: 16 (17) God:    Makhleb [***...]
Gold: 501           SH:  0    Dex: 20      Spells: 14/18 levels left

rFire   . . .      SeeInvis .     - Unarmed
rCold   . . .      Faith    .   (no shield)
rNeg    . . .      Spirit   .   B - +1 acid dragon scales
rPois   .          Reflect  .   (helmet restricted)
rElec   .          Harm     .   (no cloak)
rCorr   +          Rampage  .   (gloves unavailable)
Will    .....                   (boots unavailable)
Stlth   ++........              (no amulet)
HPRegen 0.00/turn               m - +6 ring of intelligence
MPRegen 0.15/turn               t - +6 ring of dexterity

@: sick, lightly drained
A: large, unfitting armour, claws 3, regeneration 1, shaggy fur 1, tough skin 1,
[deterioration 2]
a: Renounce Religion, Minor Destruction, Lesser Servant of Makhleb


You were on level 2 of the Abyss.
You worshipped Makhleb.
Makhleb was most pleased with you.
You visited 2 branches of the dungeon, and saw 11 of its levels.
You visited the Abyss 1 time.
You also visited: Sewer.

You collected 501 gold pieces.

Inventory:

Hand Weapons
 c - a +3 dagger of venom
 k - the +7 hunting sling "Merei" {flame, *Corrode rN+ Dex+4}
   (You found it on level 6 of the Dungeon)

   Any ammunition fired from it burns those it strikes, dealing additional fire
   damage.
   Dex:       It affects your dexterity (+4).
   rN:        It protects you from negative energy.
   *Corrode:  It may corrode you when you take damage.
Missiles
 r - 77 poisoned darts
Armour
 q - a +1 robe
 x - the +2 helmet of Filth {Harm rPois Will+ Stlth-}
   (You found it on level 9 of the Dungeon)

   rPois:     It protects you from poison.
   Harm:      It increases damage dealt and taken.
   Will:      It increases your willpower.
   Stlth:     It makes you less stealthy.
 B - +1 acid dragon scales (worn)
Magical Staves
 a - a staff of death
Jewellery
 l - an amulet of magic regeneration
 m - a +6 ring of intelligence (left claw)
 o - an amulet of the acrobat
 t - a +6 ring of dexterity (right claw)
Wands
 f - a wand of polymorph (20)
Scrolls
 b - a scroll of identify {@rr}
 e - a scroll of fear
 g - 3 scrolls of teleportation
 h - 3 scrolls of blinking
 i - 3 scrolls of vulnerability
 u - 4 scrolls of enchant weapon
 v - a scroll of fog
Potions
 d - a potion of flight
 z - a potion of attraction


   Skills:
 * Level 7.7 Fighting
 + Level 5.6 Dodging
 - Level 1.1 Stealth
 * Level 9.4 Unarmed Combat
 + Level 4.2 Spellcasting
 + Level 6.4 Necromancy
 + Level 4.3 Invocations


You had 14 spell levels left.
You knew the following spells:

 Your Spells              Type           Power      Damage    Failure   Level
b - Vampiric Draining     Necr           24%        2d7       4%          3
c - Pain                  Necr           96%        1d8       1%          1

Your spell library contained the following spells:

 Spells                   Type           Power      Damage    Failure   Level
 Animate Skeleton         Necr           48%        N/A       1%          1
 Animate Dead             Necr           12%        N/A       16%         4
 Beastly Appendage        Tmut           6%         N/A       22%         1
 Foxfire                  Conj/Fire      12%        2x1d4     22%         1
 Slow                     Hex            12%        N/A       22%         1
 Wereblood                Tmut           3%         N/A       34%         2
 Agony                    Necr           24%        N/A       41%         5
 Confusing Touch          Hex            3%         N/A       56%         3
 Conjure Flame            Conj/Fire      3%         6-21      56%         3
 Ignite Poison            Fire/Tmut/Pois 3%         N/A       56%         3
 Inner Flame              Hex/Fire       3%         N/A       56%         3
 Spider Form              Tmut/Pois      3%         N/A       56%         3
 Flame Wave               Conj/Fire      3%         2d4       92%         4
 Olgreb's Toxic Radiance  Pois           3%         N/A       92%         4
 Sticky Flame             Conj/Fire      3%         2d3       92%         4
 Fireball                 Conj/Fire      1%         3d3       99%         5
 Iskenderun's Battlesphe  Conj           3%         2d6       99%         5
 Yara's Violent Unravell  Hex/Tmut       1%         3d3       99%         5
 Conjure Ball Lightning   Conj/Air       1%         3x3d6     100%        6
 Orb of Destruction       Conj           1%         N/A       100%        7
 Ozocubu's Refrigeration  Ice            1%         4d5       100%        7
 Ignition                 Fire           1%         3d3       100%        8


Dungeon Overview and Level Annotations

Branches:
Dungeon (10/15)            Temple (1/1) D:6           Sewer (visited)
   Lair: D:8-11         Orc: D:9-12

Altars:
Ashenzari
Cheibriados
Dithmenos
Elyvilon
Fedhas
Gozag
Hepliaklqana
Kikubaaqudgha
Makhleb
Nemelex Xobeh
Okawaru
Ru
Sif Muna
Trog
Uskayaw
Vehumet
Wu Jian
Xom
Yredelemnul
Zin
The Shining One

Shops:
D:7 :

Annotations:
D:6 2 transporters


Innate Abilities, Weirdness & Mutations

You are too large for most types of armour.
You have claws for hands.
Your natural rate of healing is unusually fast.
You are covered in fur. (AC +1)
You have tough skin. (AC +1)
[Your body often deteriorates upon taking damage.]


Message History

You scratch the ancient zyme.
The ancient zyme is severely damaged.
The ancient zyme hits you.
* * * LOW HITPOINT WARNING * * *
The ancient zyme hits you.
* * * LOW HITPOINT WARNING * * *
The soul eater draws from the surrounding life force!
* * * LOW HITPOINT WARNING * * *
You claw the ancient zyme! x2
You destroy the ancient zyme!
Makhleb accepts your kill.
You feel better. The soul eater completely misses you.
There is a broken door here.
You closely miss the soul eater. Your claw misses the soul eater.
The soul eater barely misses you.
You barely miss the soul eater. You claw the soul eater.
The soul eater is lightly wounded.
The soul eater barely misses you.
You claw the soul eater!
The soul eater is moderately wounded.
The soul eater draws from the surrounding life force!
* * * LOW HITPOINT WARNING * * *
The soul eater is healed.
Okay, then.
Okay, then.
You claw the soul eater!
The soul eater is lightly wounded.
The soul eater hits you but does no damage.
The large abomination closely misses you.
You scratch the soul eater but do no damage.
You claw the soul eater.
The soul eater is lightly wounded.
The soul eater hits you!
* * * LOW HITPOINT WARNING * * *
You feel drained.
* * * LOW HITPOINT WARNING * * *
Unknown command.
You barely miss the large abomination. The soul eater hits you!
You die...

# ## #.# . . #.# #
##'## ## ##...##
#.....# . ##.......#
....####X....... #
......3@.........'.
....####...#.....###
. ##.......#
##.....#.. ##...# .
#+##


You could see a soul eater and a large abomination.

Vanquished Creatures
  A catoblepas (D:9)
  A two-headed ogre (D:10)
  A tengu warrior (D:10)
  An orc knight (D:9)
  3 centaur zombies
  A large abomination (Abyss:2)
  A smoke demon (Abyss:2)
  An ancient zyme (Abyss:2)
  A queen bee (shapeshifter) (D:9)
  A hornet (D:9)
  Prince Ribbit (D:7)
  A small abomination (Abyss:2)
  A wraith (D:10)
  A shadow (D:9)
  4 fire bats (D:9)
  3 vampire mosquitoes
  Menkaure (D:6)
  A hell hound (D:9)
  2 acid dragons
  7 orc warriors
  A water moccasin (D:7)
  A sky beast (D:7)
  An ice beast (D:8)
  2 black bears (D:5)
  An ogre (D:5)
  5 centaurs
  A phantom (D:5)
  3 bullfrogs
  5 kobold brigands
  4 scorpions
  A wyvern zombie (D:5)
  A water moccasin skeleton (D:4)
  2 killer bees (D:10)
  11 wights
  A howler monkey (D:9)
  A bullfrog zombie (D:6)
  3 hounds
  A gnoll shaman (D:7)
  A jelly (D:4)
  5 orc priests
  2 centaur skeletons
  3 iguanas
  A bullfrog skeleton (D:6)
  9 orc wizards
  2 hound skeletons (D:4)
  A howler monkey zombie (D:9)
  7 adders
  12 gnolls
  2 river rats (Sewer)
  3 white imps
  An ufetubus (D:4)
  An adder skeleton (D:4)
  6 worms
  A dart slug (D:2)
  32 orcs
  9 endoplasms
  4 giant cockroaches
  6 goblins
  7 hobgoblins
  3 jackals (D:1)
  31 kobolds
  5 quokkas
  13 ball pythons
  6 bats
  7 frilled lizards
  6 rats
265 creatures vanquished.

Vanquished Creatures (others)
  An orc wizard (D:9)
1 creature vanquished.

Grand Total: 266 creatures vanquished

Notes
Turn   | Place    | Note
-------+----------+-------------------------------------------
     0 | D:1      | Htamos the Troll Necromancer began the quest for the Orb.
     0 | D:1      | Reached XP level 1. HP: 16/16 MP: 1/1
   147 | D:1      | Reached XP level 2. HP: 18/26 MP: 2/2
   623 | D:1      | Reached skill level 1 in Unarmed Combat
   798 | D:1      | Reached skill level 1 in Fighting
   798 | D:1      | Reached XP level 3. HP: 30/33 MP: 3/3
  1170 | D:2      | Learned a level 3 spell: Vampiric Draining
  1268 | D:2      | Reached XP level 4. HP: 41/41 MP: 3/5
  1303 | D:2      | Reached skill level 2 in Unarmed Combat
  2156 | D:3      | Found a hazy altar of Hepliaklqana.
  2161 | D:3      | Reached XP level 5. HP: 38/49 MP: 6/6
  2510 | D:3      | Found a faded altar of an unknown god.
  3017 | D:4      | Reached skill level 3 in Unarmed Combat
  3031 | D:4      | Reached XP level 6. HP: 39/57 MP: 7/7
  3215 | D:4      | Found a glowing drain.
  3219 | Sewer    | Entered a sewer
  4137 | D:5      | Entered Level 5 of the Dungeon
  4204 | D:5      | Reached XP level 7. HP: 63/67 MP: 7/9
  4296 | D:5      | Reached skill level 4 in Unarmed Combat
  4852 | D:5      | Reached XP level 8. HP: 71/78 MP: 10/10
  4942 | D:5      | Reached skill level 5 in Unarmed Combat
  5202 | D:6      | Identified the +7 hunting sling "Merei" {flame, *Corrode
                  | rN+ Dex+4}
  5313 | D:6      | Noticed Menkaure
  5323 | D:6      | Killed Menkaure
  5519 | D:6      | Found a radiant altar of Vehumet.
  5601 | D:6      | Found a transporter.
  5607 | D:6      | Found a transporter.
  5607 | D:6      | Noticed a cyclops
  5677 | D:6      | Found a glowing golden altar of the Shining One.
  5679 | D:6      | Found an ornate altar of the Wu Jian Council.
  5904 | D:6      | Found a staircase to the Ecumenical Temple.
  6175 | Temple   | Entered the Ecumenical Temple
  6269 | Temple   | Became a worshipper of Makhleb the Destroyer
  6776 | D:7      | Reached skill level 6 in Unarmed Combat
  7006 | D:7      | Noticed Prince Ribbit
  7028 | D:7      | Killed Prince Ribbit
  7029 | D:7      | Reached skill level 5 in Fighting
  7029 | D:7      | Reached skill level 5 in Necromancy
  7029 | D:7      | Reached skill level 1 in Invocations
  7029 | D:7      | Reached XP level 9. HP: 47/88 MP: 10/12
  7094 | D:7      | Found an opulent altar of Gozag.
  7214 | D:7      | Found Ymmarient's Book Shoppe.
  7618 | D:8      | Reached * piety under Makhleb
  7736 | D:8      | Reached skill level 7 in Unarmed Combat
  8469 | D:9      | Reached XP level 10. HP: 62/98 MP: 9/14
  8585 | D:9      | Reached ** piety under Makhleb
  8963 | D:9      | Found a bloodstained altar of Trog.
  9073 | D:9      | Paralysed by a hornet for 3 turns
  9082 | D:9      | Reached skill level 8 in Unarmed Combat
  9160 | D:9      | Found a transporter.
  9301 | D:9      | Found a transporter.
  9417 | D:9      | Reached skill level 5 in Dodging
  9431 | D:9      | Identified the +2 helmet of Filth {Harm rPois Will+ Stlth-}
  9443 | D:10     | Entered Level 10 of the Dungeon
  9506 | D:10     | Found a shimmering altar of Xom.
  9507 | D:10     | Found an iron altar of Okawaru.
  9508 | D:10     | Found a shadowy altar of Dithmenos.
  9508 | D:10     | Found an opulent altar of Gozag.
  9531 | D:10     | Noticed a two-headed ogre
  9555 | D:10     | Killed a two-headed ogre
  9578 | D:10     | Noticed a tengu warrior
  9585 | D:10     | Noticed an orc knight
  9587 | D:10     | Reached *** piety under Makhleb
  9594 | D:10     | Killed a tengu warrior
  9600 | D:10     | Noticed a catoblepas
  9984 | D:9      | HP: 1/100 [catoblepas (7)]
  9987 | D:9      | Killed a catoblepas
  9988 | D:9      | Reached skill level 9 in Unarmed Combat
  9988 | D:9      | Reached XP level 11. HP: 36/109 MP: 16/16
 10329 | D:9      | Killed an orc knight
 10417 | D:10     | Noticed a two-headed ogre
 10588 | D:9      | a two-headed ogre changed into a shapeshifter
 10726 | D:10     | Cast into level 2 of the Abyss (gargoyle)
 10774 | Abyss:2  | Noticed a Hell Sentinel
 10800 | Abyss:2  | Noticed a wretched star
 10832 | Abyss:2  | Found a corrupted altar of Lugonu.
 10894 | Abyss:2  | Noticed a soul eater
 10909 | Abyss:2  | HP: 4/110 [soul eater (9)]
 10909 | Abyss:2  | HP: 1/108 [soul eater (3)]
 10910 | Abyss:2  | Mangled by a soul eater

Illustrated notes

Levels and vault maps discovered:
D:1:      nzn_arrival_crosshair, layout_loops_corners, roderic_lattice_a,
          minmay_tromino_i2
D:2:      layout_basic
D:3:      layout_basic, amcnicky_altar_gilded,
          shapermc_ecumenical_altar_mp_urbaneastern, minmay_door_square,
          kennysheep_generic_room_12
D:4:      layout_loops_ring, gup_sewer_entry_bowl
D:5:      layout_basic, serial_glass, glass_columns_a, glass_columns_b,
          minmay_strange_pillars
D:6:      layout_loops_corners, lemuel_crystal_altar,
          gammafunk_temple_overflow_arena, minmay_temple_entry_poolview,
          uniq_menkaure
D:7:      layout_gridville, lemuel_round_altar, serial_shops, shop,
          uniq_prince_ribbit1
D:8:      layout_loops_cross
D:9:      gammafunk_cloud_chamber, layout_long_grid, trog_butcher_becter
D:10:     minmay_the_grid_octo_tiled_octocenter [minmay_the_grid_octo_horde,
          minmay_the_grid_octo_fan_narrow, minmay_the_grid_octo_checkerflower,
          minmay_the_grid_octo_shrine,
          minmay_the_grid_octo_prize_ultimate_mussel_roller,
          minmay_the_grid_square_5x5_bracketed,
          minmay_the_grid_square_5x5_spiral, minmay_the_grid_square_5x5_inner_i,
          minmay_the_grid_square_5x5_hollow_slash], layout_basic,
          old_standard_altar, mainiacjoe_overflow_alcove_2, serial_curves,
          eino_curves_02, eino_curves_04, uniq_maggie
Temple:   jpeg_temple_clearing
Abyss:2:  base: D:1, hangedman_abyss_feature_spike, bh_abyss_exit_choice

Skill      XL: |  1  2  3  4  5  6  7  8  9 10 |
---------------+-------------------------------+-----
Unarmed Combat | 1 2 3 4 6 7 9 |  9.4
Fighting       | 1 2 3 5 6 7 |  7.7
Dodging        | 2 3 4 5 |  5.6
Necromancy     | 4 5 6 |  6.4
Spellcasting   | 2 3 4 |  4.2
Invocations    | 1 2 4 |  4.3
Stealth        | |  1.1

Action                   |  1- 3 |  4- 6 |  7- 9 | 10-12 || total
-------------------------+-------+-------+-------+-------++-------
Melee: Unarmed           |    93 |   278 |   324 |   261 ||   956
       Punch             |     1 |     3 |    18 |    18 ||    40
       Staff             |       |       |     1 |       ||     1
 Cast: Pain              |     1 |     3 |    84 |    20 ||   108
       Vampiric Draining |       |       |       |     2 ||     2
Invok: Minor Destruction |       |       |       |     1 ||     1
Evoke: Wand              |       |       |       |     7 ||     7
  Use: Scroll            |       |     9 |     1 |    10 ||    20
       Potion            |       |     7 |     2 |     8 ||    17
 Stab: Sleeping          |     3 |     7 |       |       ||    10
       Invisible         |       |       |       |     6 ||     6
       Distracted        |       |       |       |     1 ||     1
Armor: Robe              |    46 |    92 |   109 |    16 ||   263
       Acid dragon scale |       |       |       |    83 ||    83
Dodge: Dodged            |    52 |   146 |   182 |   160 ||   540

Table legend: (Time is in decaauts)
 A = Elapsed time spent in this place.
 B = Non-inter-level travel time spent in this place.
 C = Inter-level travel time spent in this place.
 D = Time resting spent in this place.
 E = Time spent auto-exploring this place.
 F = Levels seen in this place.
 G = Mean time per level.
                   A        B        C        D        E       F      G
               +--------+--------+--------+--------+--------+-----+--------+
         Total |  10921 |  10191 |    730 |    377 |   6577 |  13 |  840.1 |
       Dungeon |  10035 |   9350 |    685 |    319 |   6234 |  10 | 1003.5 |
        Temple |    141 |     96 |     45 |      0 |     82 |   1 |  141.0 |
         Abyss |    177 |    177 |      0 |     18 |      0 |   1 |  177.0 |
         Sewer |    567 |    567 |      0 |     40 |    261 |   1 |  567.0 |
               +--------+--------+--------+--------+--------+-----+--------+

Top non-repeatable levels by time:
     D:9: 1858 daAuts
     D:6: 1127 daAuts
     D:5: 1095 daAuts
     D:1: 1063 daAuts
     D:8: 1033 daAuts
     D:7: 981 daAuts
     D:3: 928 daAuts
     D:2: 916 daAuts
     D:4: 781 daAuts
   Sewer: 567 daAuts
    D:10: 249 daAuts
 Abyss:2: 177 daAuts
  Temple: 141 daAuts
